 Dungeon Crawl Stone Soup version 0.25.0-11-g1f837a76a1 (webtiles) character file.

Game seed: 39468735330034942

317 Delamore the Skirmisher (level 6, -11/41 HPs)
             Began as a Gargoyle Fighter on June 27, 2020.
             Killed by divine providence
             ... invoked by an orc priest
              (12 damage)
             ... on level 4 of the Dungeon.
             The game lasted 00:04:43 (3871 turns).

Delamore the Skirmisher (Gargoyle Fighter)          Turns: 3871, Time: 00:04:43

Health: -11/41     AC: 11    Str: 21    XL:     6   Next: 45%
Magic:  6/6        EV:  7    Int: 15    God:
Gold:   144        SH:  9    Dex:  9    Spells: 5/5 levels left

rFire    + . .     SeeInvis .   a - +0 flail
rCold    . . .     Gourm    .   c - +0 kite shield
rNeg     + . .     Faith    .   b - +0 scale mail
rPois    ∞         Spirit   .   (no helmet)
rElec    +         Reflect  .   (no cloak)
rCorr    .         Harm     .   (no gloves)
MR       .....                  (no boots)
Stlth    ..........             (no amulet)
HPRegen  0.13/turn              g - ring of protection from fire
MPRegen  0.10/turn              e - +6 ring of intelligence

@: no status effects
A: negative energy resistance 1, electricity resistance, unbreathing,
petrification resistance, rot immunity, AC +4
a: no special abilities


You were on level 4 of the Dungeon.
You were not hungry.

You visited 1 branch of the dungeon, and saw 4 of its levels.

You collected 144 gold pieces.

Inventory:

Hand Weapons
 a - a +0 flail (weapon)
Missiles
 h - 18 poisoned darts (quivered)
Armour
 b - a +0 scale mail (worn)
 c - a +0 kite shield (worn)
Jewellery
 e - a +6 ring of intelligence (right hand)
 g - a ring of protection from fire (left hand)
Scrolls
 k - a scroll of amnesia {unknown}
 l - 2 scrolls of identify {unknown}
 m - 4 scrolls of teleportation {unknown}
 n - a scroll of random uselessness {unknown}
 o - a scroll of enchant armour {unknown}
 p - 2 scrolls of fog {unknown}
 q - a scroll of immolation {unknown}
 s - 2 scrolls of remove curse {unknown}
Potions
 d - a potion of might
 i - 2 potions of curing {unknown}
 j - a potion of degeneration {unknown}
 r - a potion of cancellation {unknown}
Comestibles
 f - a ration
 t - 5 chunks of flesh


   Skills:
 + Level 5.9 Fighting
 + Level 4.8 Maces & Flails
 - Level 3.2 Armour
 - Level 3.2 Shields


You had 5 spell levels left.
You didn't know any spells.
Your spell library contained the following spells:

 Spells                   Type           Power        Failure   Level  Hunger
 Freeze                   Ice            #...         97%         1    ##.....
 Frozen Ramparts          Ice            #.....       100%        3    ####...
 Ozocubu's Armour         Chrm/Ice       #.......     100%        3    ####...
 Hailstorm                Conj/Ice       #.......     100%        4    #####..
 Summon Ice Beast         Ice/Summ       #.......     100%        4    #####..


Dungeon Overview and Level Annotations

Branches:
Dungeon (4/15)
 Temple: D:4-7

Altars:
Fedhas


Innate Abilities, Weirdness & Mutations

You are resistant to torment.
Your stone body is resilient. (AC +4)
You are immune to poison.
You resist negative energy. (rN+)
You are resistant to electric shocks. (rElec)
You can survive without breathing.
You are immune to petrification.
You are immune to rotting.


Message History

The iguana looks more healthy.
The iguana bites you!
* * * LOW HITPOINT WARNING * * *
You closely miss the iguana.
The iguana is moderately wounded.
The iguana bites you but does no damage.
The iguana bites you.
* * * LOW HITPOINT WARNING * * *
You hit the iguana but do no damage.
The iguana is moderately wounded.
The iguana barely misses you.
You barely miss the iguana.
The iguana is moderately wounded.
The iguana bites you!
* * * LOW HITPOINT WARNING * * *
You barely miss the iguana.
The iguana is moderately wounded.
You block the iguana's attack.
The orc priest mumbles some strange prayers to Beogh against you.
Beogh smites you!
You die...

#############
#>...........
########.####)..#...
#........####.#.#.##
#.######.##...#.....
######.######....#####...
.........@lo##.##...#.....
#######.###.##.####.#.....
#.# #.##.# #....[.. #.#
#)##.# #####.## ..# #l##..
.... ### #o#### ##.## #(#
#. #.# #(#


You could see an iguana and an orc priest.

Vanquished Creatures
  An ogre (D:4)
  An orc priest (D:4)
  An orc wizard (D:4)
  Terence (D:2)
  2 adders
  7 gnolls
  2 worms (D:2)
  A dart slug (D:1)
  A leopard gecko (D:1)
  3 orcs
  2 giant cockroaches
  6 goblins
  6 hobgoblins
  7 jackals
  A ball python (D:3)
  13 bats
  2 frilled lizards (D:1)
  3 kobolds
  3 rats
63 creatures vanquished.

Notes
Turn   | Place    | Note
-------+----------+-------------------------------------------
     0 | D:1      | Delamore the Gargoyle Fighter began the quest for the Orb.
     0 | D:1      | Reached XP level 1. HP: 14/14 MP: 1/1
   309 | D:1      | Reached XP level 2. HP: 16/19 MP: 2/2
   782 | D:1      | Reached XP level 3. HP: 24/24 MP: 3/3
   839 | D:1      | Reached skill level 4 in Fighting
  1146 | D:2      | Noticed Terence
  1165 | D:2      | Killed Terence
  1167 | D:2      | Reached XP level 4. HP: 28/30 MP: 4/4
  1966 | D:2      | Reached XP level 5. HP: 9/34 MP: 5/5
  2502 | D:3      | Reached skill level 5 in Fighting
  2705 | D:3      | Found a blossoming altar of Fedhas.
  2923 | D:4      | Reached XP level 6. HP: 6/40 MP: 6/6
  3870 | D:4      | HP: 1/41 [iguana (9)]
  3871 | D:4      | Killed from afar by an orc priest

Illustrated notes

Levels and vault maps discovered:
D:1:      sevenhm_arrival_forest_fort_small_6, layout_basic
D:2:      layout_loops_cross, cheibrodos_gnoll_hut, uniq_terence
D:3:      layout_rooms, first_ration, fedhas_altar_4
D:4:      layout_loops_ring, kennysheep_ying_yang, serial_shops, shop,
          minmay_manual_mail, uniq_robin

Skill      XL: |  1  2  3  4  5 |
---------------+----------------+-----
Fighting       | 4 5 |  5.9
Maces & Flails | 3 4 |  4.8
Armour         | |  3.2
Shields        | |  3.2

Action                   |  1- 3 |  4- 6 || total
-------------------------+-------+-------++-------
Melee: Flail             |   137 |   191 ||   328
Throw: Dart              |       |    12 ||    12
  Eat: Chunk             |     1 |     6 ||     7
       Ration            |       |     1 ||     1
Armor: Scale mail        |   118 |    81 ||   199
Dodge: Dodged            |    51 |    65 ||   116
Block: Kite shield       |   111 |   109 ||   220
